 Dungeon Crawl Stone Soup version 0.19-a0-593-gf2cdb02 (webtiles) character file.

159018 oplop the Spry (level 17, -4/128 HPs)
             Began as a Vampire Enchanter on June 10, 2016.
             Was the Champion of Dithmenos.
             Slain by a dire flail of holy wrath (23 damage)
             ... on level 1 of the Elven Halls on June 11, 2016.
             The game lasted 02:01:06 (33853 turns).

oplop the Spry (Vampire Enchanter)                 Turns: 33853, Time: 02:01:07

Health: -4/128     AC:  8    Str:  7    XL:     17   Next: 15%
Magic:  21/37      EV: 26    Int: 19    God:    Dithmenos [******]
Gold:   848        SH:  9    Dex: 20    Spells: 9 memorised, 2 levels left

rFire  . . .     SeeInvis +     w - +2 dagger (drain)
rCold  + + .     Gourm    .     Z - +1 robe "Loilud" {rElec rN+}
rNeg   + + +     Faith    .     i - +0 buckler
rPois  ∞         Spirit   .     X - +0 hat
rElec  +         Dismiss  .     O - +2 cloak {MR+}
rCorr  .         Reflect  +     P - +0 pair of gloves {archery}
SustAt .         Harm     .     A - +0 pair of boots
MR     ++++.                    N - +3 amulet of reflection
Stlth  ++++++++++               I - ring of magical power
                                q - ring of protection from magic

@: very slightly contaminated, bloodless, non-regenerating, wreathed by umbra,
repel missiles, incredibly resistant to hostile enchantments, uncannily stealthy
A: fangs 3, see invisible, magic resistance 1, unbreathing
a: Bat Form, Shadow Step, Shadow Form, Renounce Religion


You were on level 1 of the Elven Halls.
You worshipped Dithmenos.
Dithmenos was exalted by your worship.
You were bloodless.

You visited 7 branches of the dungeon, and saw 30 of its levels.
You also visited: Labyrinth and Ice Cave.

You collected 2873 gold pieces.
You spent 2025 gold pieces at shops.

Inventory:

Hand Weapons
 w - a +2 dagger of draining (weapon)
Armour
 i - a +0 buckler (worn)
 A - a +0 pair of boots (worn)
 O - a +2 cloak of magic resistance (worn)
 P - a +0 pair of gloves of archery (worn)
 X - a +0 hat (worn)
 Z - the +1 robe "Loilud" (worn) {rElec rN+}
   (You bought it in a shop on level 2 of the Orcish Mines)

   It insulates you from electricity.
   It protects you from negative energy.
Jewellery
 f - an uncursed ring of wizardry
 q - a ring of protection from magic (left hand)
 I - a ring of magical power (right hand)
 J - an uncursed ring of sustain attributes
 N - a +3 amulet of reflection (around neck)
 T - a +4 ring of strength
Wands
 g - a wand of iceblast (7/15)
 o - a wand of lightning (6/15)
 u - a wand of disintegration (14/24)
 y - a wand of paralysis (11/24)
 V - a wand of disintegration (13/24)
Scrolls
 a - 14 scrolls of remove curse
 b - 2 scrolls of blinking
 k - 7 scrolls of identify
 n - a scroll of silence
 r - 3 scrolls of amnesia
 B - 9 scrolls of fear
 D - 6 scrolls of teleportation
 F - 5 scrolls of enchant armour
 G - a scroll of torment
 H - 7 scrolls of recharging
 K - 2 scrolls of magic mapping
 L - a scroll of fog
 M - 2 scrolls of summoning
 W - 2 scrolls of enchant weapon
Potions
 d - 15 potions of blood
 e - 6 potions of curing
 j - 9 potions of flight
 l - 6 potions of brilliance
 m - 4 potions of ambrosia
 p - 3 potions of cure mutation
 s - 7 potions of heal wounds
 t - a potion of cancellation
 v - 6 potions of agility
 x - 4 potions of magic
 z - 6 potions of resistance
 C - 2 potions of haste
 S - a potion of lignification
 U - 3 potions of invisibility
 Y - a potion of might
Books
 c - a book of Death

   Spells                             Type                      Level
   a - Corpse Rot                     Necromancy                   2
   b - Sublimation of Blood           Necromancy                   2
   c - Agony                          Necromancy                   5
   d - Dispel Undead                  Necromancy                   5
   e - Excruciating Wounds            Charms/Necromancy            5
   f - Bolt of Draining               Conjuration/Necromancy       5
 h - a book of Air

   Spells                             Type                      Level
   a - Shock                          Conjuration/Air              1
   b - Swiftness                      Charms/Air                   2
   c - Repel Missiles                 Charms/Air                   2
   d - Static Discharge               Conjuration/Air              3
   e - Lightning Bolt                 Conjuration/Air              5
 E - a book of Minor Magic

   Spells                             Type                      Level
   a - Magic Dart                     Conjuration                  1
   b - Blink                          Translocation                2
   c - Call Imp                       Summoning                    2
   d - Repel Missiles                 Charms/Air                   2
   e - Slow                           Hexes                        2
   f - Conjure Flame                  Conjuration/Fire             3
   g - Mephitic Cloud                 Conjuration/Poison/Air       3
 R - a book of Beasts

   Spells                             Type                      Level
   a - Summon Butterflies             Summoning                    1
   b - Call Canine Familiar           Summoning                    3
   c - Summon Ice Beast               Ice/Summoning                4
   d - Summon Mana Viper              Hexes/Summoning              5
   e - Summon Hydra                   Summoning                    7


   Skills:
 - Level 10.1 Fighting
 - Level 12.4 Short Blades
 - Level 15.5 Dodging
 - Level 14.2 Stealth
 - Level 4.2 Shields
 - Level 7.4 Spellcasting
 - Level 5.4 Conjurations
 + Level 13.1 Hexes
 - Level 3.7 Charms
 + Level 4.6 Summonings
 - Level 7.8 Necromancy
 - Level 0.5 Translocations
 - Level 8.0 Air Magic
 - Level 6.2 Poison Magic
 - Level 8.0 Invocations


You had 2 spell levels left.
You knew the following spells:

 Your Spells              Type           Power        Failure   Level  Hunger
a - Dazzling Spray        Conj/Hex       #####.       1%          3    #......
b - Ensorcelled Hibernat  Hex/Ice        ####..       1%          2    None
c - Confuse               Hex            ######..     1%          3    #......
d - Tukima's Dance        Hex            ######..     1%          3    #......
e - Bolt of Draining      Conj/Necr      ####......   17%         5    #####..
f - Repel Missiles        Chrm/Air       ####..       1%          2    None
g - Mephitic Cloud        Conj/Pois/Air  ####....     1%          3    #......
h - Blink                 Tloc           N/A          14%         2    None
i - Summon Mana Viper     Hex/Summ       #####...     10%         5    #####..


Dungeon Overview and Level Annotations

Branches:
Dungeon (15/15)            Temple (1/1) D:4            Lair (6/6) D:9
  Swamp (3/4) Lair:4       Spider (2/4) Lair:4        Slime (0/5) Lair:5
    Orc (2/2) D:9             Elf (1/3) Orc:2        Vaults (0/5) D:14
 Depths: D:15

Altars:
Ashenzari
Cheibriados
Dithmenos
Elyvilon
Fedhas
Gozag
Hepliaklqana
Kikubaaqudgha
Makhleb
Nemelex Xobeh
Okawaru
Pakellas
Qazlal
Ru
Sif Muna
Trog
Uskayaw
Vehumet
Xom
Yredelemnul
Zin
The Shining One
Jiyva

Shops:
D:4 %   D:8 *   D:9 *==   D:11 %   D:14 }   Orc:2 ([*:

Annotations:
D:11 Grum
D:13 Frances
D:14 Zebura's ghost, adept VSAs
Lair:5 1 runed door
Spider:2 Arachne


Innate Abilities, Weirdness & Mutations

You do not heal naturally.
You are immune to poison.
You have razor-sharp teeth.
You have supernaturally acute eyesight. (SInv)
You can survive without breathing.
You are resistant to hostile enchantments. (MR+)


Message History

A mana viper appears with a sibilant hiss.
You block the dire flail of holy wrath's attack. x2
Your mana viper closely misses the dire flail of holy wrath.
Your mana viper barely misses the dire flail of holy wrath.
You block the dire flail of holy wrath's attack.
Your mana viper misses the dire flail of holy wrath.
The dire flail of holy wrath hits you!
* * * LOW HITPOINT WARNING * * *
You convulse.
* * * LOW HITPOINT WARNING * * *
You see here a book of Ice.
The dire flail of holy wrath misses you.
Your mana viper bites the dire flail of holy wrath.
The dire flail of holy wrath hits you!
* * * LOW HITPOINT WARNING * * *
You convulse.
* * * LOW HITPOINT WARNING * * *
Your mana viper barely misses the dire flail of holy wrath.
The dire flail of holy wrath hits you!!
You die...

#######'#######..#..#..##########
...)....(.....#..#..#..#.........
([............#..#..'..'.........
.[.....}.....)#..'..#..#.........
####'##########(.#..#..##########
.................#..#............
..(..............#..#........>...
##'###############..###'#########
...........:..S(@................
.........[.......................
#################################


You could see a dire flail of holy wrath and a friendly mana viper.

Vanquished Creatures
  Kirke (Lair:5)
  A thorn hunter (Swamp:1)
  Louise (Spider:2)
  Maud (D:14)
  A ghost moth (Spider:1)
  A frost giant (IceCv)
  An emperor scorpion (Spider:1)
  An orc warlord (Orc:2)
  A spark wasp (Spider:2)
  Snorg (D:14)
  A minotaur (Lab)
  2 deep elf death magi (Elf:1)
  2 vault guards (D:14)
  An ice dragon (Lair:6)
  A ghost crab (Swamp:2)
  14 hydras
  3 centaur warriors (D:13)
  A catoblepas (D:13)
  An alligator (Swamp:1)
  A queen ant (Spider:1)
  6 dancing weapons (Elf:1)
  5 death yaks (Lair:4)
  5 orc high priests
  4 deep elf knights (Elf:1)
  Sonja (D:10)
  A skeletal warrior (D:15)
  4 unseen horrors
  A fire crab (Lair:6)
  5 deep elf archers (Elf:1)
  A shambling mangrove (Swamp:1)
  A swamp dragon (Swamp:1)
  5 hill giants
  A necromancer (D:14)
  2 wizards (D:14)
  Pikel (D:9)
  2 orc knights (Orc:2)
  22 deep elf magi (Elf:1)
  2 orb spiders (Spider:2)
  6 orc sorcerers
  2 hornets
  8 wolf spiders
  5 cyclopes
  4 ugly things (D:15)
  3 moths of wrath
  Maurice (D:11)
  2 manticores
  4 orange demons (D:13)
  A torpor snail (Lair:4)
  25 spiny frogs
  6 demonic crawlers
  11 komodo dragons
  3 red devils (D:13)
  A small abomination (Elf:1)
  5 trolls
  22 polar bears
  13 jumping spiders
  3 giant leeches
  Prince Ribbit (Lair:2)
  3 bog bodies
  27 blink frogs
  10 slime creatures
  A two-headed ogre (D:13)
  3 air elementals (Elf:1)
  31 redbacks
  A shadow (D:14)
  46 yaks
  2 wraiths
  7 spriggans
  6 tarantellas
  8 basilisks
  16 humans
  2 fire elementals (Elf:1)
  6 hippogriffs
  4 wyverns
  5 hungry ghosts
  4 wargs
  10 swamp worms
  7 vampire mosquitoes
  24 soldier ants
  13 insubstantial wisps
  12 porcupines
  Duvessa (D:5)
  31 orc warriors
  12 water moccasins
  6 sky beasts
  2 slaves (D:9)
  12 black bears
  10 ice beasts
  3 swamp drakes
  12 ogres
  3 phantoms
  An eye of draining (D:11)
  39 wolves
  2 wasps (Swamp:1)
  A necrophage (D:9)
  13 centaurs
  6 big kobolds (D:9)
  13 crocodiles
  36 giant frogs
  A wyvern zombie (D:12)
  2 earth elementals (Lab)
  2 scorpions
  Dowan (D:5)
  9 killer bees (D:10)
  4 wights (D:7)
  7 electric eels
  A howler monkey (shapeshifter) (D:12)
  8 howler monkeys
  3 spriggan skeletons (D:9)
  8 jellies
  2 giant frog zombies
  4 crimson imps
  3 centaur zombies
  3 hounds
  3 centaur skeletons
  30 orc priests
  A giant frog skeleton (D:11)
  16 iguanas
  38 orc wizards
  19 worker ants
  28 sheep
  4 hound skeletons
  2 howler monkey zombies
  3 worker ant zombies
  7 gnolls
  A howler monkey skeleton (D:5)
  19 adders
  29 river rats
  4 shadow imps
  3 white imps (Lair:6)
  2 adder zombies
  2 oozes
  An adder skeleton (D:9)
  3 worms
  8 giant geckos
  73 orcs
  2 ball pythons
  10 bats
  4 giant cockroaches
  8 goblins
  9 hobgoblins
  9 jackals
  3 quokkas
  A giant cockroach zombie (D:6)
  5 giant newts
  A jackal zombie (D:6)
  6 kobolds
  A quokka zombie (D:6)
  12 rats
  A butterfly (D:4)
1109 creatures vanquished.

Vanquished Creatures (collateral kills)
  An orc warlord (Orc:2)
  A dancing weapon (Elf:1)
  A deep elf knight (Elf:1)
  A deep elf archer (Elf:1)
  An orc knight (Orc:2)
  A demonic crawler (Spider:1)
  A water elemental (Elf:1)
  Edmund (D:4)
  5 orc warriors
  An ogre (D:9)
  A scorpion (D:4)
  2 orc priests (Orc:2)
  3 orc wizards
  2 worker ants (Spider:1)
  An adder skeleton (D:9)
  3 orcs
26 creatures vanquished.

Vanquished Creatures (others)
  A deep elf knight (Elf:1)
  2 dancing weapons
  3 humans
  2 soldier ants (Spider:1)
  2 slaves (D:9)
  A big kobold (D:9)
  An orc wizard (D:8)
  2 orcs
  16 fungi
  19 plants (Lair:6)
49 creatures vanquished.

Grand Total: 1184 creatures vanquished

Notes
Turn   | Place    | Note
--------------------------------------------------------------
     0 | D:1      | oplop the Vampire Enchanter began the quest for the Orb.
     0 | D:1      | Reached XP level 1. HP: 13/13 MP: 3/3
   158 | D:1      | Reached XP level 2. HP: 12/20 MP: 5/5
   877 | D:1      | Reached skill level 1 in Fighting
   894 | D:1      | Learned a level 2 spell: Ensorcelled Hibernation
  1047 | D:1      | Reached XP level 3. HP: 26/26 MP: 3/6
  1111 | D:2      | Found a deep blue altar of Sif Muna.
  1230 | D:2      | Found a sparkling altar of Nemelex Xobeh.
  1467 | D:3      | Reached XP level 4. HP: 32/32 MP: 2/7
  1518 | D:3      | Found a glowing golden altar of the Shining One.
  1674 | D:3      | Reached skill level 5 in Hexes
  1698 | D:3      | Found a faded altar of an unknown god.
  1736 | D:3      | Learned a level 3 spell: Confuse
  1757 | D:3      | Reached skill level 5 in Stealth
  1910 | D:3      | Found a shadowy altar of Dithmenos.
  1940 | D:3      | Reached XP level 5. HP: 31/38 MP: 0/9
  2220 | D:4      | Found a blossoming altar of Fedhas.
  2224 | D:4      | Noticed an ogre
  2227 | D:4      | Killed an ogre
  2249 | D:4      | Found Coxzad's Food Shop.
  2253 | D:4      | Reached XP level 6. HP: 45/45 MP: 10/10
  2258 | D:4      | Learned a level 3 spell: Tukima's Dance
  2261 | D:4      | Noticed Edmund
  2275 | D:4      | Killed Edmund
  2434 | D:4      | Found a staircase to the Ecumenical Temple.
  2545 | Temple   | Entered the Ecumenical Temple
  2866 | D:3      | Became a worshipper of Dithmenos the Shadowed
  3019 | D:4      | Found a glowing golden altar of the Shining One.
  3056 | D:4      | Found a burning altar of Makhleb.
  3217 | D:5      | Entered Level 5 of the Dungeon
  3272 | D:5      | Found a shattered altar of Ashenzari.
  3304 | D:5      | Reached XP level 7. HP: 47/51 MP: 9/12
  3536 | D:5      | Noticed a spriggan
  3540 | D:5      | Noticed a spriggan
  3543 | D:5      | Killed a spriggan
  4015 | D:4      | Found a stormy altar of Qazlal.
  4043 | D:5      | Killed a spriggan
  4043 | D:5      | Reached skill level 5 in Short Blades
  4043 | D:5      | Reached XP level 8. HP: 25/59 MP: 5/14
  4135 | D:5      | Noticed Duvessa
  4136 | D:5      | Noticed Dowan
  4139 | D:5      | Killed Dowan
  4187 | D:5      | Killed Duvessa
  4307 | D:5      | Reached * piety under Dithmenos
  4358 | D:5      | Reached skill level 5 in Spellcasting
  4427 | D:5      | Reached XP level 9. HP: 66/66 MP: 16/16
  4632 | D:6      | Learned a level 3 spell: Dazzling Spray
  5658 | D:6      | Reached skill level 5 in Fighting
  5696 | D:6      | Found a bloodstained altar of Trog.
  6045 | D:7      | Reached skill level 3 in Dodging
  6050 | D:7      | Found a white marble altar of Elyvilon.
  6131 | D:7      | Found a glowing golden altar of the Shining One.
  6246 | D:7      | oplop: суа
  6246 | D:7      | oplop: суп
  6247 | D:7      | epen: yo
  6274 | D:7      | Reached ** piety under Dithmenos
  6276 | D:7      | epen: какой план?
  6313 | D:7      | oplop: в каком смысле?
  6313 | D:7      | oplop: буду бегать и ваншотать 80% мобов
  6510 | D:7      | epen: забавно 66% работает
  6510 | D:7      | oplop: или меня убьет это кентавр
  6678 | D:7      | epen: а я больше конфузить люблю
  6688 | D:7      | epen: там шанс больше
  6688 | D:7      | epen: и держится он дольше
  6688 | D:7      | epen: алсо
  6688 | D:7      | epen: ты бы инвоки начал качать
  6688 | D:7      | oplop: ну у него прост спеллпавер больше
  6688 | D:7      | oplop: зачем?
  6688 | D:7      | epen: ну
  6688 | D:7      | epen: дис там
  6688 | D:7      | epen: тень
  6688 | D:7      | oplop: а, потом
  6739 | D:7      | epen: да и иногда полезно прыгать на врагов, которые спят
  6759 | D:7      | epen: вот я недавно оче обидно за своего спригана проебал
  6759 | D:7      | epen: эльфов почистил
  6759 | D:7      | oplop: ща шорты 10 и щиты 4 будут и качну
  6759 | D:7      | epen: 2 руны вытащил
  6801 | D:7      | epen: но меня убил обоссаный стоун гигант
  6814 | D:7      | epen: который не хотел конфузиться
  6823 | D:7      | oplop: это норма для спригана
  6904 | D:7      | Reached skill level 1 in Shields
  7093 | D:7      | oplop: небось даже репела не было?
  7142 | D:8      | epen: 8 АС и 35 ЕV
  7150 | D:8      | epen: эх эх эх
  7226 | D:8      | Noticed a dagger
  7227 | D:8      | Found a hide-covered altar of Uskayaw.
  7227 | D:8      | Noticed a dagger
  7313 | D:8      | Found an opulent altar of Gozag.
  7315 | D:8      | Found Irhoruaq's Assorted Antiques.
  7325 | D:8      | Reached skill level 4 in Dodging
  7329 | D:8      | Bought a scroll labeled ETWICK SEDONEH for 25 gold pieces
  7605 | D:8      | Reached XP level 10. HP: 76/76 MP: 14/19
  7680 | D:9      | Found Leqew's Jewellery Shop.
  7682 | D:9      | oplop: ниче бывает
  7702 | D:9      | Reached *** piety under Dithmenos
  7734 | D:9      | epen: у
  7734 | D:9      | epen: годное колечко
  7734 | D:9      | oplop: да, потом куплю
  7734 | D:9      | oplop: наверн
  7734 | D:9      | Bought a +3 amulet of reflection for 300 gold pieces
  7755 | D:9      | Noticed Pikel
  7756 | D:9      | epen: ну оно тебе пока особо не нужно
  7764 | D:9      | Reached skill level 10 in Hexes
  7772 | D:9      | Killed Pikel
  7778 | D:9      | Found Meinimnaz's Assorted Antiques.
  7788 | D:9      | Bought a smoky emerald potion for 28 gold pieces
  7910 | D:9      | Found a staircase to the Orcish Mines.
  7912 | D:9      | oplop: гм
  7912 | D:9      | oplop: жаль иммоляцию низя юзать
  7995 | D:9      | Found a staircase to the Lair.
  8156 | D:9      | Reached skill level 5 in Dodging
  8221 | D:9      | Found Odi Mesch's Jewellery Shoppe.
  8454 | D:9      | Noticed an unseen horror
  8505 | D:9      | Killed an unseen horror
  8618 | D:9      | epen: бохнакажет
  8646 | D:10     | Entered Level 10 of the Dungeon
  8685 | D:10     | Reached **** piety under Dithmenos
  9320 | D:9      | Reached XP level 11. HP: 69/83 MP: 9/21
  9388 | D:9      | Reached skill level 6 in Dodging
  9596 | D:10     | Noticed Sonja
  9608 | D:10     | oplop: ща соньку в абис будем отправлять
 10036 | D:10     | epen: после того как урезали лейр
 10171 | D:10     | epen: шанс встретить дес яка на л2 значительно вырос
 10174 | D:10     | Reached ***** piety under Dithmenos
 10345 | D:10     | oplop: урезатели хреновы
 10613 | D:11     | epen: так законфузь её
 10629 | D:11     | Noticed a hill giant
 10629 | D:11     | Reached skill level 1 in Invocations
 10630 | D:11     | epen: МР же маленький
 10631 | D:11     | Noticed Grum
 10631 | D:11     | Noticed a five-headed hydra
 10651 | D:10     | oplop: я у неё даггер отнял
 10651 | D:10     | oplop: она безвредна
 10684 | D:10     | epen: @??sonja
 10686 | D:10     | beem: Sonja (K)
                  | Spd:
    14 | HD: 6    | HP: 26-35
                  | AC/EV: 2/24
                  | Dam: 9, 5, 5
                  | weapons, items, doors, spellcaster
                  | Res: magic(10)
                  | Chunks: noxious
                  | XP: 807
                  | Sp: blink, teleport self [emergency]
                  | Sz: small
                  | Int: human.
 10701 | D:11     | oplop: бля, лабиринт бы найти
 10701 | D:11     | oplop: маппинга нет
 10726 | D:11     | epen: он долго висит
 10727 | D:11     | Found a labyrinth entrance.
 10738 | D:11     | epen: лабиринт-то
 10740 | Lab      | Entered a labyrinth
 10748 | Lab      | epen: смотри чтобы минотавер не выеб
 10748 | Lab      | oplop: crjhj b tuj e,bhen
 10748 | Lab      | oplop: скоро и его убирут, кек
 10755 | Lab      | oplop: эх
 10963 | Lab      | Reached skill level 7 in Dodging
 11239 | Lab      | Noticed crawlian's ghost (novice DEFE)
 11242 | Lab      | oplop: СУКА
 11242 | Lab      | oplop: убогий умер
 11258 | Lab      | epen: конфузнул бы
 11270 | Lab      | epen: 30% это ещё норм
 11320 | Lab      | Noticed a minotaur
 11331 | Lab      | Killed a minotaur
 11337 | Lab      | Identified the Incunabulum of the Birds
 11338 | Lab      | Got a shimmering short sword
 11358 | D:11     | Identified the cursed +0 short sword "Tafocwac" {antimagic, rPois} (You found it in a labyrinth)
 11359 | D:11     | oplop: ммм
 11359 | D:11     | oplop: я ща сдохну наверн
 11359 | D:11     | epen: говно
 11359 | D:11     | epen: +0
 11359 | D:11     | oplop: ремува нет
 11406 | D:11     | oplop: о
 11459 | D:9      | Bought 3 scrolls of remove curse for 288 gold pieces
 11664 | D:11     | Noticed a hill giant
 11842 | Lair:1   | Entered Level 1 of the Lair of Beasts
 11859 | Lair:1   | Reached skill level 8 in Dodging
 11931 | Lair:1   | Reached skill level 10 in Short Blades
 11931 | Lair:1   | Reached XP level 12. HP: 91/91 MP: 23/23
 11938 | Lair:1   | Noticed an eight-headed hydra
 12186 | Lair:1   | Killed an eight-headed hydra
 12858 | Lair:2   | Reached skill level 5 in Invocations
 12935 | Lair:2   | Noticed Prince Ribbit
 12956 | Lair:2   | Reached skill level 9 in Dodging
 12961 | Lair:2   | Killed Prince Ribbit
 13860 | Lair:3   | Reached skill level 10 in Dodging
 14216 | Lair:3   | Noticed a four-headed hydra
 14247 | Lair:3   | Killed a four-headed hydra
 14612 | Lair:4   | Reached XP level 13. HP: 96/96 MP: 24/24
 14787 | Lair:4   | Found a hole to the Spider Nest.
 15024 | Lair:4   | Reached skill level 11 in Dodging
 15528 | Lair:5   | Noticed Kirke
 15533 | Lair:5   | Killed Kirke
 15653 | Lair:5   | Identified a +4 rod of ignition (13/13) (You found it in a labyrinth)
 15915 | Lair:5   | Found a runed door.
 15916 | Lair:5   | Found a viscous altar of Jiyva.
 15941 | Lair:5   | Reached skill level 10 in Stealth
 15948 | Lair:5   | Found a staircase to the Slime Pits.
 16230 | Lair:6   | Entered Level 6 of the Lair of Beasts
 16230 | Lair:6   | Found an oddly glowing altar of Pakellas.
 16657 | Lair:6   | Reached skill level 12 in Dodging
 16912 | Lair:6   | Reached XP level 14. HP: 103/106 MP: 10/25
 17511 | Lair:6   | Reached ****** piety under Dithmenos
 18446 | D:11     | Noticed Maurice
 18453 | D:11     | Killed Maurice
 18491 | D:11     | Found Xepluoc's Food Shoppe.
 19126 | D:12     | Reached skill level 13 in Dodging
 20144 | D:13     | Noticed Frances
 20410 | D:13     | Reached skill level 10 in Fighting
 20720 | D:14     | Learned a level 5 spell: Bolt of Draining
 20767 | D:14     | Reached skill level 1 in Necromancy
 20852 | D:14     | Noticed Zebura's ghost (adept VSAs)
 21234 | D:14     | Learned a level 2 spell: Repel Missiles
 21247 | D:14     | Found a gate to the Vaults.
 21319 | D:14     | Noticed Maud
 21321 | D:14     | Found Jyuneceg's Gadget Boutique.
 21323 | D:14     | Killed Maud
 21323 | D:14     | Reached skill level 1 in Charms
 21323 | D:14     | Reached skill level 1 in Air Magic
 21394 | D:14     | Noticed Snorg
 21400 | D:14     | Killed Snorg
 21596 | D:14     | You fall through a shaft!
 21596 | D:15     | Entered Level 15 of the Dungeon
 21608 | D:15     | Reached skill level 14 in Dodging
 21617 | D:15     | Reached XP level 15. HP: 115/115 MP: 16/26
 22765 | D:10     | Killed Sonja
 22826 | Orc:1    | Entered Level 1 of the Orcish Mines
 22970 | Orc:1    | Found a frozen archway.
 23179 | IceCv    | Entered an ice cave
 23409 | IceCv    | Reached skill level 5 in Necromancy
 23709 | IceCv    | Noticed a frost giant
 23714 | IceCv    | Killed a frost giant
 24140 | Orc:2    | Entered Level 2 of the Orcish Mines
 24598 | Orc:2    | Found a staircase to the Elven Halls.
 24844 | Orc:2    | Reached skill level 15 in Dodging
 25267 | Orc:2    | Noticed an orc warlord
 25646 | Orc:2    | Killed an orc warlord
 25670 | Orc:2    | Noticed an orc warlord
 25698 | Orc:2    | Killed an orc warlord
 25945 | Orc:2    | Found Kaycvuh's Antique Armour Boutique.
 25946 | Orc:2    | Found Deqeneuni's Antique Weapon Boutique.
 25947 | Orc:2    | Found Ozynohad's General Store.
 25947 | Orc:2    | Found Xunwij's Book Shop.
 25951 | Orc:2    | Bought a scroll of identify for 26 gold pieces
 25951 | Orc:2    | Bought a scroll of fog for 26 gold pieces
 25961 | Orc:2    | Bought a runed robe for 21 gold pieces
 25961 | Orc:2    | Bought a faintly glowing robe for 171 gold pieces
 25972 | Orc:2    | Identified the cursed +1 robe "Loilud" {rElec rN+} (You bought it in a shop on level 2 of the Orcish Mines)
 26122 | D:9      | Bought a papyrus book for 480 gold pieces
 26126 | D:9      | Learned a level 3 spell: Mephitic Cloud
 26317 | Lair:4   | Found a staircase to the Swamp.
 26390 | Swamp:1  | Entered Level 1 of the Swamp
 26395 | Swamp:1  | Reached skill level 1 in Poison Magic
 26432 | Swamp:1  | Reached skill level 1 in Conjurations
 26441 | Swamp:1  | Noticed a thorn hunter
 26462 | Swamp:1  | You are sucked into a shaft!
 27334 | Swamp:3  | Gained mutation: You are resistant to hostile enchantments. (MR+) [potion of beneficial mutation]
 28127 | Swamp:1  | Killed a thorn hunter
 28127 | Swamp:1  | Reached XP level 16. HP: 76/122 MP: 23/27
 28183 | Swamp:1  | Reached skill level 5 in Air Magic
 28889 | Spider:1 | Entered Level 1 of the Spider Nest
 30201 | Spider:1 | Reached skill level 5 in Poison Magic
 30715 | Spider:2 | Noticed Louise
 30722 | Spider:2 | Noticed Arachne
 30729 | Spider:2 | Killed Louise
 30872 | Spider:1 | Reached skill level 5 in Conjurations
 31125 | Elf:1    | Entered Level 1 of the Elven Halls
 31354 | Orc:1    | Learned a level 2 spell: Blink
 31991 | Orc:2    | Bought a book of Beasts for 660 gold pieces
 31997 | Orc:2    | Learned a level 5 spell: Summon Mana Viper
 32255 | Elf:1    | Reached skill level 1 in Summonings
 32673 | Elf:1    | Reached XP level 17. HP: 128/128 MP: 28/28
 33853 | Elf:1    | Slain by a dire flail of holy wrath

Vault maps used:
D:1:      tarquinn_simple_flora_water_c
D:2:      old_standard_altar, old_standard_altar
D:3:      grunt_dithmenos_smoke, ecumenical_altar_2, lemuel_tele_altar
D:4:      kennysheep_mini, nicolae_overflow_crystal_walls,
          nicolae_overflow_hidden_temple, minmay_temple_entry_butterflies,
          serial_shops, nicolae_shop_waterfront, fedhas_altar_3, uniq_edmund
D:5:      forest_paths, nicolae_ashenzari_panopticon, first_bread, uniq_duvessa
D:6:      bloody_trog
D:7:      minmay_flawed_box, old_standard_altar, nicolae_tso_carved_into_rock
D:8:      dancing_weapons_uskayaw, serial_shops,
          nicolae_shop_temple_entry_statues_fountains,
          nicolae_gozag_seed_capital
D:9:      erik_lair_orcish_takeover, kennysheep_orc_monster_closet_entryway,
          serial_shops, nicolae_shop_trees, nicolae_shop_stone,
          nicolae_shop_competitors_out_of_business, hangedman_tell_no_tales,
          nrook_pool_corridor, uniq_pikel
D:10:     uniq_sonja
D:11:     lab_entry_generic, serial_shops, kennysheep_mini_moat,
          nrook_mini_vaults, minivault_24, kennysheep_generic_room_5,
          uniq_maurice, uniq_grum
D:13:     minmay_beelzebubs_servants, uniq_frances
D:14:     grunt_vaults_entry_tiered, serial_shops, shop, uniq_maud, uniq_snorg
D:15:     grunt_enter_depths_snipers, minmay_misc_feat_iff
Temple:   dpeg_five_rooms_temple_12
Lair:1:   serial_bayou, serial_bayou_shore_a, serial_bayou_shore_b,
          serial_bayou_ford_a, serial_bayou_shore_b, serial_bayou_pond_c,
          hangedman_lair_generics_rect
Lair:2:   uniq_prince_ribbit2
Lair:3:   beast_lair_carwin_large_4
Lair:4:   minmay_swamp_entry_worms, nicolae_spider_entry_tight_spaces
Lair:5:   slime_altar_2, lemuel_fruit_fields, lemuel_fruit_tree, uniq_kirke
Lair:6:   minmay_lair_end_frog_pond, basic_altar, bobbens_ice_dragon_lair
Swamp:1:  evilmike_swamp_ruin_house_4
Swamp:2:  nicolae_swamp_stair_fork, swamp_pool3, hangedman_swamp_blocks,
          infiniplex_staircase_pool_2
Swamp:3:  nicolae_swamp_feature_on_the_river_bank, swamp_pool2
Spider:1: minivault_29
Spider:2: uniq_arachne, uniq_louise, uniq_asterion, uniq_roxanne
Orc:1:    portal_ice_cave_entry_ice_beasts
Orc:2:    st_orc_congregation
Elf:1:    eino_elf_arrival_customs, evilmike_minifort, spider_trap
Lab:      labyrinth_hidden_loot, nicolae_lab_do_over, nicolae_lab_statue,
          labyrinth_glass_2, labyrinth_lava_lair, labyrinth_glass_1, lab_block,
          nicolae_lab_garden, nicolae_lab_dead_end, nicolae_lab_lava,
          lab_statue, nicolae_lab_very_dead_end, nicolae_lab_grate,
          nicolae_lab_arrow
IceCv:    ice_cave_small_giant

Skill      XL: |  1  2  3  4  5  6  7  8  9 10 11 12 13 14 15 16 17 |
---------------+----------------------------------------------------+-----
Fighting       | 1 2 3 4 5 6 7 8 10 | 10.1
Short Blades   | 2 3 4 5 6 7 8 10 11 12 | 12.4
Hexes          | 5 6 7 8 9 10 11 12 13 | 13.1
Stealth        | 5 6 7 9 11 14 | 14.2
Spellcasting   | 3 4 5 6 7 |  7.4
Dodging        | 4 5 8 10 12 14 15 | 15.5
Shields        | 1 3 4 |  4.2
Invocations    | 3 6 8 |  8.0
Necromancy     | 2 7 |  7.8
Charms         | 2 3 |  3.7
Air Magic      | 2 4 8 |  8.0
Poison Magic   | 3 6 |  6.2
Conjurations   | 2 5 |  5.4
Summonings     | 3 4 |  4.6
Translocations | |  0.5

Action                   |  1- 3 |  4- 6 |  7- 9 | 10-12 | 13-15 | 16-18 || total
-------------------------+-------+-------+-------+-------+-------+-------++-------
Melee: Dagger            |   132 |   164 |   279 |   913 |  1839 |   715 ||  4042
       Bite              |    10 |    17 |    16 |    87 |   210 |    86 ||   426
       Unarmed           |       |       |       |     2 |     6 |    10 ||    18
       Short sword       |       |       |       |     1 |       |       ||     1
Throw: Throwing net      |       |       |       |       |     1 |       ||     1
 Cast: Corona            |     6 |       |       |       |       |       ||     6
       Ensorcelled Hiber |     6 |    20 |    41 |   169 |   227 |    54 ||   517
       Confuse           |       |     4 |    34 |    47 |    91 |    21 ||   197
       Tukima's Dance    |       |     2 |     5 |     9 |    20 |       ||    36
       Dazzling Spray    |       |       |       |     7 |    84 |    42 ||   133
       Repel Missiles    |       |       |       |       |     1 |     1 ||     2
       Bolt of Draining  |       |       |       |       |     1 |       ||     1
       Mephitic Cloud    |       |       |       |       |       |    64 ||    64
       Summon Mana Viper |       |       |       |       |       |     8 ||     8
Invok: Shadow Step       |       |       |       |     4 |    14 |     2 ||    20
       Shadow Form       |       |       |       |       |     2 |       ||     2
 Abil: End Transformatio |       |     2 |     1 |    10 |    24 |     9 ||    46
       Bat Form          |       |     2 |     1 |    10 |    24 |     9 ||    46
Evoke: Wand              |       |       |       |     2 |     4 |     1 ||     7
  Use: Potion            |       |       |     2 |       |     6 |     4 ||    12
       Scroll            |       |       |    12 |    17 |    14 |     2 ||    45
 Stab: Sleeping          |    14 |    24 |    54 |   155 |   203 |    53 ||   503
       Confused          |       |     4 |    19 |    30 |    67 |    90 ||   210
       Distracted        |       |     2 |     1 |     2 |    16 |    15 ||    36
       Fleeing           |       |       |       |     1 |       |       ||     1
       Invisible         |       |       |       |       |    60 |    11 ||    71
       Held in net/web   |       |       |       |       |     1 |       ||     1
Armor: Robe              |    29 |    26 |    27 |    45 |    91 |    34 ||   252
Dodge: Dodged            |    88 |   103 |   161 |   459 |  1227 |   489 ||  2527
       Deflected         |       |       |       |       |     1 |     8 ||     9
Block: Other             |       |       |       |    11 |     6 |     5 ||    22
       Buckler           |       |       |       |   208 |   592 |   227 ||  1027
       Reflection        |       |       |       |     3 |    12 |    11 ||    26
